 Dungeon Crawl Stone Soup version 0.26-a0-757-g626ac9e51a (webtiles) character file.

Game seed: 2586732329104961273

37 miscthings the Magician (level 3, -1/32 HPs)
             Began as a Palentonga Hedge Wizard on Nov 8, 2020.
             Slain by a gnoll
             ... wielding a +0 spear
              (2 damage)
             ... on level 2 of the Dungeon.
             The game lasted 00:02:06 (643 turns).

miscthings the Magician (Palentonga Hedge Wizard)    Turns: 643, Time: 00:02:07

Health: -1/32      AC:  4    Str: 14    XL:     3   Next: 21%
Magic:  7/7        EV: 10    Int: 14    God:
Gold:   70         SH:  0    Dex:  9    Spells: 5/8 levels left

rFire    . . .     SeeInvis +   e - +1 dagger (vamp)
rCold    . . .     Faith    .   (no shield)
rNeg     . . .     Spirit   .   b - +0 robe
rPois    .         Reflect  .   c - +0 hat
rElec    .         Harm     .   (no cloak)
rCorr    .         Rampage  .   (no gloves)
MR       .....                  (no barding)
Stlth    +.........             (no amulet)
HPRegen  0.10/turn              a - ring of see invisible
MPRegen  0.10/turn              (no ring)

@: no status effects
A: large, rugged brown scales 3, see invisible, deformed body, roll, armoured
tail
a: Rolling Charge


You were on level 2 of the Dungeon.
You visited 1 branch of the dungeon, and saw 2 of its levels.

You collected 70 gold pieces.

Inventory:

Hand Weapons
 e - a +1 vampiric dagger (weapon)
Armour
 b - a +0 robe (worn)
 c - a +0 hat (worn)
Jewellery
 a - a ring of see invisible (left hand)
Scrolls
 d - 2 scrolls of enchant weapon {unknown}
Potions
 f - a potion of lignification {unknown}
 g - a potion of magic {unknown}


   Skills:
 - Level 2.7 Fighting
 - Level 1.5 Dodging
 - Level 1.2 Stealth
 - Level 3.0 Spellcasting
 - Level 1.0 Conjurations
 + Level 0.9 Summonings
   Level 1.0 Translocations


You had 5 spell levels left.
You knew the following spells:

 Your Spells              Type           Power        Failure   Level
a - Magic Dart            Conj           #...         14%         1
b - Call Imp              Summ           #.......     22%         2

Your spell library contained the following spells:

 Spells                   Type           Power        Failure   Level
 Blink                    Tloc           N/A          22%         2
 Slow                     Hex            #.......     32%         2
 Conjure Flame            Conj/Fire      #.......     45%         3
 Mephitic Cloud           Conj/Pois/Air  #.......     50%         3


Dungeon Overview and Level Annotations

Branches:
Dungeon (2/15)

Altars:


Innate Abilities, Weirdness & Mutations

You are completely covered in rugged brown scales. (AC +3, +7% HP)
You have supernaturally acute eyesight. (SInv)
Armour fits poorly on your strangely shaped body.
You can roll at foes to attack.
You have a long armoured tail.


Message History

You hit the gnoll but do no damage. The gnoll closely misses you.
Casting: Magic Dart (safe; 14% risk of failure)
Confirm with . or Enter, or press ? or * to list all spells.
Aiming: Magic Dart (safe; 14% risk of failure)
Press: ? - help, Shift-Dir - straight line, f/p - gnoll
Aim: a gnoll, wielding a +0 spear The magic dart hits the gnoll.
The gnoll is lightly wounded.
The gnoll barely misses you.
A gnoll comes into view. It is wielding a +0 spear.
You hit the gnoll.
The gnoll is moderately wounded.
The gnoll hits you with a +0 spear!
The gnoll hits you from afar with a +0 spear!
The gnoll hits you from afar with a +0 spear.
* * * LOW HITPOINT WARNING * * *
The gnoll hits you from afar with a +0 spear!
* * * LOW HITPOINT WARNING * * *
The gnoll hits you from afar with a +0 spear.
You die...

. .# #. .#
####.##.##########
#.......##.......####
#.##.#..#........†.<#
#†#....#########.####
#.#..#.......# #.#
#.#..#...@.#[###.## ##
#.#....g.#........#
#.##............######
#.#..#...g....#.#.#
..........g..>##.#.#
.#.##.#.......##.#.#
#.#...#.####.#.#
#....##.# ..#.#
##...##.# ..#.#


You could see 3 gnolls.

Vanquished Creatures
  An adder (D:2)
  2 dart slugs
  A ball python (D:1)
  A bat (D:1)
  A giant cockroach (D:1)
  5 goblins
  3 hobgoblins (D:1)
  3 frilled lizards
  2 kobolds (D:1)
  5 rats (D:1)
24 creatures vanquished.

Notes
Turn   | Place    | Note
-------+----------+-------------------------------------------
     0 | D:1      | miscthings the Palentonga Hedge Wizard began the quest for
                  | the Orb.
     0 | D:1      | Reached XP level 1. HP: 14/14 MP: 4/4
    19 | D:1      | Reached skill level 1 in Conjurations
    82 | D:1      | Reached skill level 1 in Fighting
    98 | D:1      | Reached XP level 2. HP: 24/24 MP: 0/6
   573 | D:2      | Reached XP level 3. HP: 31/32 MP: 5/7
   617 | D:2      | Learned a level 2 spell: Call Imp
   642 | D:2      | HP: 1/32 [gnoll/+0 spear (7)]
   643 | D:2      | Slain by a gnoll

Illustrated notes

Levels and vault maps discovered:
D:1:      minmay_arrival_radiant_lines, layout_basic
D:2:      layout_basic, grunt_temple_overflow_gold_and_silver,
          nicolae_overflow_crystal_walls

Skill      XL: |  1  2 |
---------------+-------+-----
Conjurations   | 1 |  1.0
Fighting       | 1 2 |  2.7
Dodging        | |  1.5
Stealth        | |  1.2
Spellcasting   | |  3.0
Summonings     | |  0.9
Translocations | |  1.0

Action                   || total
-------------------------++-------
Melee: Dagger            ||    60
       Tailslap          ||     2
 Cast: Magic Dart        ||    20
 Abil: Rolling Charge    ||    16
 Stab: Sleeping          ||     1
Armor: Robe              ||     9
Dodge: Dodged            ||    30

Table legend: (Time is in decaauts)
 A = Elapsed time spent in this place.
 B = Non-inter-level travel time spent in this place.
 C = Inter-level travel time spent in this place.
 D = Time resting spent in this place.
 E = Time spent auto-exploring this place.
 F = Levels seen in this place.
 G = Mean time per level.
                   A        B        C        D        E       F      G
               +--------+--------+--------+--------+--------+-----+--------+
         Total |    641 |    623 |     18 |      0 |    455 |   2 |  320.5 |
       Dungeon |    641 |    623 |     18 |      0 |    455 |   2 |  320.5 |
               +--------+--------+--------+--------+--------+-----+--------+

Top non-repeatable levels by time:
     D:1: 557 daAuts
     D:2: 84 daAuts
